 Dungeon Crawl Stone Soup version 0.15.1-1-gfacfea3 (webtiles) character file.

256 Kashira the Skirmisher (level 6, -3/67 HPs)
             Began as an Ogre Wanderer on Sept 24, 2014.
             Slain by an orc
             ... wielding a +0 mace
              (9 damage)
             ... on Level 4 of the Dungeon.
             The game lasted 00:16:45 (5027 turns).

Kashira the Skirmisher (Ogre Wanderer)              Turns: 5027, Time: 00:16:45

HP  -3/67        AC  3     Str 20      XL: 6   Next: 16%
MP   6/6         EV  9     Int  9      God:
Gold 115         SH  0     Dex 11      Spells:  1 memorised,  4 levels left

rFire  + . .     SeeInvis .     f - +1 mace (holy)
rCold  . . .     Clarity  .     c - +0 robe
rNeg   . . .     rCorr    .     (shield restricted)
rPois  .         rRot     .     (helmet restricted)
rElec  .         Spirit   .     (no cloak)
SustAb .         Warding  .     (gloves unavailable)
rMut   .         Stasis   .     (boots unavailable)
Gourm  .                        (no amulet)
MR     .....                    (no ring)
                                e - ring of protection from fire

@: very slightly contaminated, heavily drained, invisible, not resistant to
hostile enchantments, very unstealthy
A: unfitting armour, tough skin 1
a: no special abilities


You were on level 4 of the Dungeon.
You were not hungry.

You visited 1 branch of the dungeon, and saw 5 of its levels.

You collected 115 gold pieces.

Inventory:

Hand weapons
 f - a +1 mace of holy wrath (weapon)
 k - a +0 mace
 n - a +0 flail
Armour
 c - a +0 robe (worn)
Comestibles
 j - 3 bread rations
Scrolls
 b - a scroll of enchant armour {unknown}
 d - 2 scrolls of amnesia {unknown}
 g - 2 scrolls of immolation {unknown}
 h - a scroll of teleportation {unknown}
 i - a scroll of identify
 o - a scroll of remove curse {unknown}
Jewellery
 e - a ring of protection from fire (left hand)
Potions
 l - a potion of haste
Books
 a - a book of Frost

   Spells                             Type                      Level
   Freeze                             Ice                          1
   Throw Frost                        Conjuration/Ice              2
   Ozocubu's Armour                   Charms/Ice                   3
   Throw Icicle                       Conjuration/Ice              4
   Summon Ice Beast                   Ice/Summoning                4
   Condensation Shield                Ice                          4


   Skills:
 * Level 5.8(4.2) Fighting
 * Level 5.1(3.6) Maces & Flails
 - Level 2.1(0.8) Throwing
 + Level 2.1(0.7) Dodging
 + Level 0.6(0.0) Stealth
 - Level 1.0(0.0) Conjurations
 + Level 1.3(0.0) Fire Magic
   Level 1.3(0.0) Ice Magic


You had 4 spell levels left.
You knew the following spells:

 Your Spells              Type           Power        Failure   Level  Hunger
a - Flame Tongue          Conj/Fire      #....        38%         1    ##.....


Dungeon Overview and Level Annotations

Branches:
Dungeon (5/15)             Temple (0/1) D:4

Altars:
Trog
Yredelemnul
The Shining One


Innate Abilities, Weirdness & Mutations

You are too large for most types of armour.
You have tough skin (AC +1).


Message History

Okay, then.
Drink which item? (? for menu, Esc to quit)
Okay, then.
The kobold shoots a poisoned needle.
The poisoned needle barely misses you.
Found 15 gold pieces.
Drink which item? (? for menu, Esc to quit)
You fade into invisibility!
The kobold shoots a poisoned needle.
The poisoned needle hits the iguana!
The iguana is poisoned.
The iguana bites you.
* * * LOW HITPOINT WARNING * * *
A shadow imp comes into view.
The shadow imp shouts!
A worker ant comes into view.
The kobold shoots a poisoned needle.
The poisoned needle barely misses the iguana.
The shadow imp shouts, "Kneel, thou rank ruttish blabberskite!"
The iguana dies!
There is a stone staircase leading up here.
You climb upwards.
The bat closely misses you. The orc hits you with a mace!
You die...

......# ###......
.$.....# ###........
........####..........
..........##...........
..............(........#
.............o........##
.....8...8..##...<......
.............#########...
....8..b@o..8.# ##.
####!........##
##.8...8....#
##...........
###.##.....> #.###....o
#.# #.... #.# # #.#


You could see an orc priest, an orc and a bat.

Vanquished Creatures
  A crimson imp (D:3)
  A worker ant (D:1)
  9 adders
  A worm (D:3)
  A giant gecko (D:1)
  2 oozes (D:1)
  9 orcs
  3 ball pythons
  9 bats
  4 giant cockroaches
  5 goblins
  14 hobgoblins
  6 jackals (D:1)
  2 quokkas
  3 giant newts
  13 kobolds
  4 rats
87 creatures vanquished.

Vanquished Creatures (others)
  An iguana (D:5)
  A kobold (D:3)
2 creatures vanquished.

Grand Total: 89 creatures vanquished

Notes
Turn   | Place    | Note
--------------------------------------------------------------
     0 | D:1      | Kashira, the Ogre Wanderer, began the quest for the Orb.
     0 | D:1      | Reached XP level 1. HP: 24/24 MP: 1/1
   424 | D:1      | Reached XP level 2. HP: 17/33 MP: 0/2
   970 | D:1      | Reached XP level 3. HP: 28/41 MP: 1/3
  1589 | D:1      | Reached skill level 5 in Fighting
  1948 | D:1      | Reached skill level 1 in Dodging
  1948 | D:1      | Reached XP level 4. HP: 15/50 MP: 1/4
  2615 | D:2      | Found a bloodstained altar of Trog.
  2714 | D:2      | Reached XP level 5. HP: 46/57 MP: 3/5
  3065 | D:3      | Reached skill level 1 in Fire Magic
  3348 | D:3      | Found a basalt altar of Yredelemnul.
  3349 | D:3      | Noticed a profane servitor
  3353 | D:3      | Found a glowing golden altar of the Shining One.
  3354 | D:3      | Noticed an angel
  3854 | D:3      | Reached skill level 5 in Maces & Flails
  3993 | D:4      | Reached XP level 6. HP: 54/66 MP: 4/6
  4219 | D:4      | Found a staircase to the Ecumenical Temple.
  4999 | D:5      | Entered Level 5 of the Dungeon
  5009 | D:5      | HP: 3/67 [iguana (6)]
  5027 | D:4      | Slain by an orc

Action                   |  1- 3 |  4- 6 || total
-------------------------+-------+-------++-------
Melee: Club              |   129 |       ||   129
       Mace              |    24 |   131 ||   155
       Flail             |       |    46 ||    46
 Cast: Flame Tongue      |    19 |    17 ||    36
  Use: Potion            |     1 |     1 ||     2
       Scroll            |       |     2 ||     2
  Eat: Chunk             |     4 |     9 ||    13
       Meat ration       |       |     1 ||     1
